 Dungeon Sprint DCSS version 0.21-a0-221-gfe971b9 (webtiles) character file.

3824 potatolord6000 the Cleaver (level 10, -1/102 HPs)
             Began as a Hill Orc Fighter on Aug 24, 2017.
             Was an Initiate of Gozag.
             Slain by a sphinx (15 damage)
             ... while paralysed by a sphinx
             ... in the Dungeon (Sprint II: "The Violet Keep of Menkaure").
             The game lasted 00:14:35 (1944 turns).

potatolord6000 the Cleaver (Hill Orc Fighter)       Turns: 1944, Time: 00:14:36

Health: -1/102     AC: 32    Str: 28    XL:     10   Next: 17%
Magic:  10/10      EV:  2    Int: 13    God:    Gozag
Gold:   18         SH:  0    Dex: 19    Spells: 9/9 levels left

rFire    + . .     SeeInvis .   a - +0 war axe
rCold    + . .     Gourm    .   g - +0 large shield
rNeg     . . .     Faith    .   d - +10 plate armour of Iminu {Dex+4}
rPois    +         Spirit   .   b - +0 helmet (curse)
rElec    +         Reflect  +   h - +0 cloak
rCorr    +         Harm     .   c - +2 pair of gloves
MR       .....     NoTele   +   (no boots)
Stlth    ..........             m - +5 amulet of reflection
HPRegen  0.27/turn              n - +5 ring of evasion
MPRegen  0.12/turn              (no ring)

@: paralysed, mighty, brilliant, agile, resistant, flying, hasted and slowed
A: no striking features
a: Potion Petition, Call Merchant, Bribe Branch, Renounce Religion


You were in the Dungeon.
You worshipped Gozag.
Gozag was noncommittal.
You were full.

You visited 1 branch You collected 2133 gold pieces.
You spent 2115 gold pieces at shops.

Inventory:

Hand Weapons
 a - a +0 war axe (weapon)
Armour
 b - a cursed +0 helmet (worn)
 c - a +2 pair of gloves (worn)
 d - the +10 plate armour of Iminu (worn) {Dex+4}
   (You bought it in a shop in the Dungeon)

   It affects your dexterity (+4).
 g - a +0 large shield (worn)
 h - a +0 cloak (worn)
Jewellery
 m - a +5 amulet of reflection (around neck)
 n - a +5 ring of evasion (left hand)
Scrolls
 f - a scroll of fog
 j - 6 scrolls of remove curse
 k - a scroll of blinking
 l - a scroll of magic mapping {unknown}
 o - a scroll of fear {unknown}
Potions
 i - 6 potions of magic
 s - 2 potions of resistance
 w - 2 potions of flight
Comestibles
 p - 2 meat rations
 v - a royal jelly


   Skills:
 + Level 13.8 Fighting
 + Level 14.8 Axes
 + Level 12.9 Armour
 + Level 12.9 Shields


You had 9 spell levels left.
You didn't know any spells.

Dungeon Overview and Level Annotations

Branches:
Dungeon (1/1)

Altars:
Cheibriados
Dithmenos
Elyvilon
Fedhas
Gozag
Hepliaklqana
Kikubaaqudgha
Makhleb
Nemelex Xobeh
Okawaru
Qazlal
Ru
Sif Muna
Trog
Uskayaw
Vehumet
Wu Jian
Xom
Yredelemnul
Zin
The Shining One
Beogh
Jiyva
Lugonu

Shops:
D =:(*=}:[!}?%[!=(

Annotations:
D exclusion: oklob plant, Roxanne


Message History

The sphinx is severely wounded.
You hit the sphinx. You block the sphinx's attack. x2
The sphinx hits you but does no damage.
The sphinx mumbles some strange words.
You feel as though you will be slow longer.
Unknown command.
Okay, then.
You hit the sphinx.
The sphinx is severely wounded.
You hit the sphinx.
The sphinx casts a spell.
The sphinx is healed somewhat.
The sphinx casts a spell.
You suddenly lose the ability to move!
The sphinx hits you but does no damage. The sphinx hits you!
* * * LOW HITPOINT WARNING * * *
The sphinx hits you but does no damage. x3; The sphinx barely misses you.
The sphinx hits you!
You die...
Your body crumbles into a pile of gold.

..##▓▓▓▓▓▓▓'▓▓▓▓+▓
)≈≈≈≈≈≈≈≈≈≈§§.≈≈≈▓ $
+########+###.≈≈≈▓$
._._._..#§≈≈##≈≈≈▓ $
.._._._.#§≈§§####▓▓ ▓
._._._._#≈§≈§§##..#$$▓
_._._._.#§§§§≈§#..#$.▓
._._._..#§§≈§§§+HH'$$▓
_._._...#§§≈≈§≈#@.#$.▓
._._....#§≈≈≈≈§▓..#$$▓
_._.....#≈≈≈≈▓▓▓▓▓▓ ▓
#########≈≈≈≈▓z..
≈≈≈≈≈≈≈≈≈≈≈≈≈▓...≈
≈########≈▓▓▓▓▓▓▓▓ ≈#$
$$ #▓▓ ≈# $ $ ## $


You could see 2 sphinxes.

Vanquished Creatures
  2 deep trolls (D)
  A merfolk siren (D)
  A yaktaur (D)
  3 polar bears (D)
  A hornet (D)
  2 hippogriffs (D)
  A vampire mosquito (D)
  Menkaure (D)
  4 necrophages (D)
  4 crocodiles (D)
  4 worker ants (D)
  2 tentacles (D)
26 creatures vanquished.

Vanquished Creatures (others)
  A crocodile (D)
  19 tentacles (D)
20 creatures vanquished.

Grand Total: 46 creatures vanquished

Notes
Turn   | Place    | Note
-------+----------+-------------------------------------------
     0 | D        | potatolord6000 the Hill Orc Fighter began the quest for the Orb.
     0 | D        | Reached XP level 1. HP: 19/19 MP: 1/1
     1 | D        | Noticed a necrophage
     1 | D        | Noticed a necrophage
     1 | D        | Noticed a necrophage
     1 | D        | Noticed a necrophage
    19 | D        | Killed a necrophage
    19 | D        | Reached skill level 6 in Axes
    19 | D        | Reached skill level 5 in Armour
    19 | D        | Reached skill level 5 in Shields
    19 | D        | Reached XP level 2. HP: 17/29 MP: 2/2
    19 | D        | Reached XP level 3. HP: 21/36 MP: 3/3
    19 | D        | Reached XP level 4. HP: 25/43 MP: 4/4
    23 | D        | Killed a necrophage
    23 | D        | Reached skill level 7 in Axes
    23 | D        | Reached XP level 5. HP: 19/51 MP: 5/5
    34 | D        | Killed a necrophage
    34 | D        | Reached skill level 8 in Axes
    34 | D        | Reached XP level 6. HP: 19/60 MP: 6/6
    38 | D        | Killed a necrophage
    38 | D        | Reached skill level 9 in Axes
   303 | D        | Noticed a merfolk siren
   325 | D        | Killed a merfolk siren
   325 | D        | Reached skill level 10 in Fighting
   325 | D        | Reached skill level 10 in Axes
   325 | D        | Reached XP level 7. HP: 32/71 MP: 7/7
   511 | D        | Noticed a hippogriff
   511 | D        | Noticed a hippogriff
   518 | D        | Killed a hippogriff
   518 | D        | Reached skill level 11 in Axes
   518 | D        | Reached XP level 8. HP: 70/80 MP: 8/8
   522 | D        | Killed a hippogriff
   522 | D        | Reached skill level 10 in Armour
   522 | D        | Reached skill level 10 in Shields
   578 | D        | Found Puts's Distillery.
   578 | D        | Found Kourant's Antique Weapon Emporium.
   578 | D        | Found Hyosu's Antique Armour Shoppe.
   578 | D        | Found Hecseteg's Jewellery Shoppe.
   578 | D        | Found Urub's Food Emporium.
   579 | D        | Found Udi Mus's Gadget Shoppe.
   579 | D        | Found Ecran's Distillery.
   579 | D        | Found Pefiumuch's Antique Armour Shoppe.
   580 | D        | Found Arghalar's Book Emporium.
   580 | D        | Found Muebae Jejo's Gadget Shoppe.
   580 | D        | Found Ekar's Jewellery Shoppe.
   581 | D        | Found Kaixann's Magic Scroll Emporium.
   582 | D        | Found Muneik's Assorted Antiques.
   582 | D        | Found Guynk's Antique Weapon Emporium.
   582 | D        | Noticed an oklob plant
   583 | D        | Found Xogoeg's Jewellery Shoppe.
   583 | D        | Found Titt's Book Shoppe.
   585 | D        | Noticed a redback
   586 | D        | Noticed a redback
   588 | D        | Noticed a fire dragon
   621 | D        | Bought a dazzling plate armour for 616 gold pieces
   631 | D        | Identified the +10 plate armour of Iminu {Dex+4} (You bought it in a shop in the Dungeon)
   636 | D        | Bought a runed helmet for 157 gold pieces
   679 | D        | Bought a large shield for 94 gold pieces
   679 | D        | Bought a cloak for 94 gold pieces
   713 | D        | Reached skill level 12 in Axes
   738 | D        | Noticed a flying skull
   739 | D        | Noticed a flying skull
   741 | D        | Noticed a flying skull
   743 | D        | Noticed a flying skull
   743 | D        | Noticed a flying skull
   743 | D        | Noticed a flying skull
   744 | D        | Noticed a flying skull
   744 | D        | Noticed a flying skull
   744 | D        | Noticed a flying skull
   744 | D        | Noticed a flying skull
   744 | D        | Noticed a flying skull
   745 | D        | Noticed a flying skull
   754 | D        | Found a glowing silver altar of Zin.
   754 | D        | Found an iron altar of Okawaru.
   754 | D        | Found a radiant altar of Vehumet.
   755 | D        | Found a basalt altar of Yredelemnul.
   755 | D        | Found a glowing golden altar of the Shining One.
   755 | D        | Found a hide-covered altar of Uskayaw.
   755 | D        | Found a sparkling altar of Nemelex Xobeh.
   756 | D        | Found a shimmering altar of Xom.
   756 | D        | Found a bloodstained altar of Trog.
   756 | D        | Found a burning altar of Makhleb.
   756 | D        | Found an opulent altar of Gozag.
   757 | D        | Found a deep blue altar of Sif Muna.
   757 | D        | Found an ornate altar of the Wu Jian Council.
   757 | D        | Found a corrupted altar of Lugonu.
   757 | D        | Found a blossoming altar of Fedhas.
   758 | D        | Found a sacrificial altar of Ru.
   758 | D        | Found an ancient bone altar of Kikubaaqudgha.
   758 | D        | Found a white marble altar of Elyvilon.
   758 | D        | Noticed a polar bear
   759 | D        | Noticed a polar bear
   759 | D        | Found a viscous altar of Jiyva.
   759 | D        | Found a stormy altar of Qazlal.
   759 | D        | Found a shadowy altar of Dithmenos.
   761 | D        | Noticed a polar bear
   764 | D        | Noticed a yaktaur
   771 | D        | Killed a polar bear
   773 | D        | Noticed a hornet
   774 | D        | Killed a polar bear
   774 | D        | Reached XP level 9. HP: 90/90 MP: 9/9
   780 | D        | Killed a polar bear
   780 | D        | Reached skill level 13 in Axes
   781 | D        | Found a hazy altar of Hepliaklqana.
   781 | D        | Found a snail-covered altar of Cheibriados.
   784 | D        | Killed a hornet
   797 | D        | Killed a yaktaur
   798 | D        | Found a roughly hewn altar of Beogh.
   805 | D        | Noticed Menkaure
  1005 | D        | Became a worshipper of Gozag Ym Sagoz the Greedy
  1037 | D        | Killed Menkaure
  1049 | D        | Reached skill level 14 in Axes
  1050 | D        | Noticed a kraken
  1110 | D        | Found the +6 Majin-Bo {vamp, Archmagi MP+6 Int+6}
  1647 | D        | Noticed Roxanne
  1669 | D        | Noticed a deep troll
  1670 | D        | Noticed a deep troll
  1680 | D        | Killed a deep troll
  1680 | D        | Reached XP level 10. HP: 91/101 MP: 10/10
  1689 | D        | Killed a deep troll
  1794 | D        | Bought a +5 amulet of reflection for 494 gold pieces
  1794 | D        | Bought a +5 ring of evasion for 660 gold pieces
  1925 | D        | Noticed a sphinx
  1925 | D        | Noticed a sphinx
  1942 | D        | Paralysed by a sphinx for 5 turns
  1944 | D        | Slain by a sphinx

Vault maps used:
D:        the_violet_keep_of_menkaure

Skill      XL: |  1  2  3  4  5  6  7  8  9 |
---------------+----------------------------+-----
Fighting       | 6 7 8 10 12 13 | 13.8
Axes           | 6 7 8 10 11 12 14 | 14.8
Armour         | 5 6 7 9 11 12 | 12.9
Shields        | 5 6 7 9 11 12 | 12.9

Action                   |  1- 3 |  4- 6 |  7- 9 | 10-12 || total
-------------------------+-------+-------+-------+-------++-------
Melee: War axe           |    17 |    40 |   128 |    18 ||   203
Invok: Potion Petition   |       |       |       |     1 ||     1
  Use: Potion            |     1 |       |     6 |     4 ||    11
       Scroll            |       |       |     5 |       ||     5
  Eat: Bread ration      |       |       |     1 |       ||     1
       Meat ration       |       |       |       |     1 ||     1
Armor: Scale mail        |     2 |     6 |    11 |       ||    19
       Plate armour      |       |       |    61 |    25 ||    86
Dodge: Dodged            |     4 |     9 |    23 |    14 ||    50
Block: Shield            |     6 |     5 |    19 |       ||    30
       Large shield      |       |       |   118 |    35 ||   153

Table legend:
 A = Spawn XP
 B = Non-spawn XP
 C = Spawn XP percentage of total XP
 D = Spawn monster count
 E = Non-spawn monster count
 F = Spawn count percentage of total count
 G = Total turns spent on level
                    A         B        C        D         E        F      G
               +---------+---------+-------+---------+---------+-------+---------
         Total |       0 |    5463 |   0.0 |       0 |      24 |   0.0 |  1944
               +---------+---------+-------+---------+---------+-------+---------
             D |       0 |    5463 |   0.0 |       0 |      24 |   0.0 |  1944
               +---------+---------+-------+---------+---------+-------+---------
